 Dungeon Crawl Stone Soup version 0.30-a0-329-g85436e0a43 (webtiles) character file.

Game seed: 10159860790288377806

3214 purpskrrrp the Grappler (level 9, -20/89 HPs)
             Began as a Troll Fighter on Oct 28, 2022.
             Was a High Priest of Cheibriados.
             Demolished by a two-headed ogre
             ... wielding a +0 giant spiked club
              (33 damage)
             ... on level 8 of the Dungeon.
             The game lasted 00:12:00 (5567 turns).

purpskrrrp the Grappler (Troll Fighter)             Turns: 5567, Time: 00:12:01

Health: -20/89     AC:  5    Str: 44    XL:     9   Next: 65%
Magic:  8/8        EV: 10    Int: 18    God:    Cheibriados [*****.]
Gold:   417        SH: 17    Dex: 23    Spells: 8/8 levels left

rFire   . . .      SeeInvis .      - Unarmed
rCold   . . .      Faith    .    b - +1 kite shield
rNeg    . . .      Spirit   .    a - +0 robe
rPois   .          Reflect  +    (helmet restricted)
rElec   .          Harm     .    f - +0 cloak
rCorr   .          Rampage  .    (gloves unavailable)
Will    .....                    (boots unavailable)
Stlth   ++........               h - amulet of reflection
HPRegen 1.14/turn                (no ring)
MPRegen 0.11/turn                (no ring)

@: mighty, studying Conjurations, very slow
A: large, unfitting armour, claws 3, regeneration 1, shaggy fur 1, tough skin 1
a: Renounce Religion, Bend Time, Temporal Distortion, Slouch, Step From Time


You were on level 8 of the Dungeon.
You worshipped Cheibriados.
Cheibriados was extremely pleased with you.
You visited 1 branch of the dungeon, and saw 8 of its levels.

You collected 417 gold pieces.

Inventory:

Armour
 a - a +0 robe (worn)
 b - a +1 kite shield (worn)
 f - a +0 cloak (worn)
Jewellery
 h - an amulet of reflection (around neck)
 r - a ring of resist corrosion
Wands
 m - a wand of quicksilver (11)
 q - a wand of roots (7)
Scrolls
 g - a scroll of teleportation
 n - a scroll of summoning
 p - 3 scrolls of amnesia
Potions
 d - 2 potions of brilliance
 e - 5 potions of curing
 i - a potion of invisibility
 j - 3 potions of haste
 k - a potion of cancellation
 l - 2 potions of heal wounds
 o - 2 potions of degeneration


   Skills:
 + Level 6.2 Fighting
 - Level 2.4 Dodging
 + Level 6.8 Shields
 * Level 9.9 Unarmed Combat


You had 8 spell levels left.
You didn't know any spells.
Your spell library contained the following spells:

 Spells                   Type           Power      Damage    Failure   Level
 Freeze                   Ice            0%         1d3       41%         1
 Sublimation of Blood     Necr           0%         N/A       56%         2
 Frozen Ramparts          Ice            0%         1d1       80%         3
 Hailstorm                Conj/Ice       0%         3d3       80%         3
 Ignite Poison            Fire/Tmut/Pois 0%         N/A       80%         3
 Kindle Blastsparks       Fire/Tloc/Air  0%         2d10      80%         3
 Petrify                  Tmut/Erth      0%         N/A       99%         4
 Freezing Cloud           Conj/Ice/Air   0%         6-21      100%        5
 Irradiate                Conj/Tmut      0%         3d11      100%        5
 Conjure Ball Lightning   Conj/Air       0%         3x3d6     100%        6
 Discord                  Hex            0%         N/A       100%        8
 Disjunction              Tloc           0%         N/A       100%        8


Dungeon Overview and Level Annotations

Branches:
Dungeon (8/15)             Temple (0/1) D:5
   Lair: D:8-11

Altars:
Cheibriados
Elyvilon
Hepliaklqana
Kikubaaqudgha
Vehumet
Wu Jian

Shops:
D:1 =   D:2 (

Annotations:
D:8 Pikel


Innate Abilities, Weirdness & Mutations

You are too large for most types of armour.
You have claws for hands.
Your natural rate of healing is unusually fast.
You are covered in fur. (AC +1)
You have tough skin. (AC +1)


Message History

Pikel is wielding a +2 whip of freezing.
Pikel shouts!
The two-headed ogre shouts in stereo!
You hear a shout!
A lemure comes into view. x3
You hear a loud, deep croak!
There are monsters nearby!
There are monsters nearby!
A bullfrog comes into view.
You block the two-headed ogre's attack. The two-headed ogre barely misses you.
The bullfrog hits you but does no damage.
You block the bullfrog's attack. x2; The two-headed ogre barely misses you.
The two-headed ogre hits you with a +0 giant club!!
You block the bullfrog's attack. You block Pikel's attack.
The two-headed ogre attacks as you move away!
You block the two-headed ogre's attack.
The two-headed ogre hits you with a +0 giant club!
You hear the faint creaking of a portcullis very nearby.
You block Pikel's attack.
Pikel hits you with a +2 whip of freezing.
Pikel freezes you. The bullfrog hits you. Pikel attacks as you move away!
Pikel hits you with a +2 whip of freezing.
Pikel freezes you.
The lemure shouts!
You hear a shout! x2
You block the bullfrog's attack.
The bullfrog hits you but does no damage.
You block Pikel's attack. Pikel attacks as you move away!
You block Pikel's attack. x2
You feel very mighty all of a sudden. Pikel closely misses you.
You mangle the two-headed ogre!!
The two-headed ogre is severely wounded.
The two-headed ogre hits you with a +0 giant spiked club!!
The two-headed ogre hits you with a +0 giant club!!
* * * LOW HITPOINT WARNING * * *
Pikel hits you but does no damage.
You claw the two-headed ogre!
The two-headed ogre is almost dead.
You block Pikel's attack.
The two-headed ogre hits you with a +0 giant spiked club!!
You die...

##...............
#...............#
##..............#
#..............##
#..........#...#
#.[........##.# ###
##..........#
###.###...####....#
##.#..##@..#.......
#.....FKO.........
#....555####.#8#
#....5### .#
##.....# . 8
##....###.# #.
#...5...... .8
#...#......
#......[...


You could see a two-headed ogre, Pikel, 4 lemures and a bullfrog.

Vanquished Creatures
  Sigmund (D:3)
  A steam dragon (D:7)
  4 water moccasins
  Duvessa (D:7)
  An ice beast (D:6)
  A sky beast (D:6)
  An orc warrior (D:7)
  4 black bears
  An ogre (D:4)
  A phantom (D:4)
  2 kobold brigands (D:7)
  Blork the orc (D:5)
  2 scorpions
  7 wights (D:7)
  Dowan (D:7)
  3 vampire bats (D:5)
  2 jellies
  A hound (D:6)
  2 orc priests (D:7)
  Jessica (D:3)
  Natasha (thrice) (D:3)
  8 iguanas
  An orc wizard (D:5)
  Robin (D:2)
  7 gnolls
  6 adders
  3 ufetubi
  4 worms
  2 dart slugs (D:1)
  16 orcs
  10 ball pythons
  A bat skeleton (D:5)
  3 bat zombies (D:5)
  6 endoplasms
  8 giant cockroaches
  15 goblins
  10 hobgoblins
  2 jackals (D:3)
  6 quokkas
  8 bats
  11 frilled lizards
  15 kobolds
  7 rats
191 creatures vanquished.

Notes
Turn   | Place    | Note
-------+----------+-------------------------------------------
     0 | D:1      | purpskrrrp the Troll Fighter began the quest for the Orb.
     0 | D:1      | Reached XP level 1. HP: 22/22 MP: 0/0
    75 | D:1      | Reached XP level 2. HP: 28/29 MP: 1/1
   386 | D:1      | Found Fitzeroh's Jewellery Boutique.
   393 | D:1      | Reached XP level 3. HP: 36/36 MP: 2/2
   570 | D:1      | Reached skill level 3 in Unarmed Combat
   656 | D:1      | Found a faded altar of an unknown god.
   663 | D:1      | Prayed at the altar of an unknown god.
   663 | D:1      | Became a worshipper of Cheibriados the Contemplative
   663 | D:1      | Reached * piety under Cheibriados
   729 | D:2      | Found Cept's Weapon Boutique.
   741 | D:2      | Found an ancient bone altar of Kikubaaqudgha.
   832 | D:2      | Noticed Robin
   840 | D:2      | Reached ** piety under Cheibriados
   842 | D:2      | Killed Robin
   843 | D:2      | Reached XP level 4. HP: 44/44 MP: 3/3
  1602 | D:3      | Reached *** piety under Cheibriados
  1686 | D:3      | Reached skill level 4 in Unarmed Combat
  1686 | D:3      | Reached XP level 5. HP: 50/53 MP: 4/4
  1694 | D:3      | Noticed Jessica
  1698 | D:3      | Killed Jessica
  1707 | D:3      | Noticed Natasha
  1711 | D:3      | Killed Natasha
  2057 | D:3      | Noticed Sigmund
  2061 | D:3      | Killed Sigmund
  2062 | D:3      | Reached skill level 5 in Unarmed Combat
  2062 | D:3      | Reached XP level 6. HP: 44/62 MP: 5/5
  2105 | D:3      | Noticed Natasha
  2113 | D:3      | Killed Natasha
  2292 | D:3      | Noticed Natasha
  2297 | D:3      | Killed Natasha
  2342 | D:4      | Reached XP level 7. HP: 63/68 MP: 6/6
  2351 | D:4      | Reached **** piety under Cheibriados
  2394 | D:4      | Found a radiant altar of Vehumet.
  2506 | D:4      | Reached skill level 6 in Unarmed Combat
  3014 | D:5      | Entered Level 5 of the Dungeon
  3060 | D:5      | Reached skill level 5 in Shields
  3060 | D:5      | Reached XP level 8. HP: 68/79 MP: 7/7
  3130 | D:5      | Reached skill level 7 in Unarmed Combat
  3166 | D:5      | Found a staircase to the Ecumenical Temple.
  3226 | D:5      | Found a hazy altar of Hepliaklqana.
  3325 | D:5      | Noticed Blork the orc
  3339 | D:5      | Killed Blork the orc
  3343 | D:5      | Reached ***** piety under Cheibriados
  3378 | D:5      | Reached skill level 5 in Fighting
  3389 | D:5      | Reached skill level 8 in Unarmed Combat
  3416 | D:5      | Found an ancient bone altar of Kikubaaqudgha.
  3595 | D:5      | Found an ornate altar of the Wu Jian Council.
  3920 | D:5      | Identified a scroll of acquirement
  3920 | D:5      | Acquired a manual of Conjurations
  4242 | D:6      | Reached XP level 9. HP: 84/88 MP: 8/8
  4341 | D:6      | Found a white marble altar of Elyvilon.
  4678 | D:7      | Reached skill level 9 in Unarmed Combat
  5178 | D:7      | Noticed Dowan
  5179 | D:7      | Noticed Duvessa
  5191 | D:7      | Killed Duvessa
  5192 | D:7      | Killed Dowan
  5554 | D:8      | Noticed Pikel
  5554 | D:8      | Noticed a two-headed ogre
  5567 | D:8      | Demolished by a two-headed ogre

Illustrated notes

Levels and vault maps discovered:
D:1:      dpeg_arrival_morbid_curiosity, layout_basic,
          dilly_ecumenical_altar_fadedgnrine, serial_shops, shop,
          solitary_fountain, grunt_decor_fettered, st_stairs_4
D:2:      layout_loops_ring, basic_altar, serial_shops,
          nicolae_shop_bloodbath_and_beyond, minmay_close_crescents, uniq_robin
D:3:      layout_loops_cross, grunt_decor_resistance, st_stairs_5,
          kennysheep_donut, uniq_sigmund, uniq_jessica, uniq_natasha
D:4:      layout_basic, nicolae_vehumet_altar_sigil
D:5:      layout_loops_ring, nicolae_wu_jian_glorious_leap,
          nzn_hepliaklqana_mist_gate, kennysheep_vampire_church,
          minmay_temple_entry_poolview, uniq_blork_the_orc
D:6:      layout_loops_ring, kennysheep_mini_moat
D:7:      layout_basic, uniq_duvessa
D:8:      layout_cave_pools, nicolae_overflow_crystal_walls,
          okawaru_altar_gauntlet_db, mainiacjoe_overflow_six_doors_small,
          enter_bailey_8, amcnicky_mini_corridor_feature,
          nicolae_take_the_stairs, uniq_pikel

Skill      XL: |  1  2  3  4  5  6  7  8  9 |
---------------+----------------------------+-----
Shields        | 3 4 5 6 |  6.8
Unarmed Combat | 3 4 5 6 8 9 |  9.9
Fighting       | 3 4 5 6 |  6.2
Dodging        | |  2.4

Action                   |  1- 3 |  4- 6 |  7- 9 || total
-------------------------+-------+-------+-------++-------
Melee: Unarmed           |    90 |   154 |   236 ||   480
  Use: Scroll            |       |     9 |     7 ||    16
       Potion            |       |       |     2 ||     2
 Stab: Sleeping          |     2 |     3 |     3 ||     8
Armor: Robe              |    33 |    25 |    45 ||   103
Dodge: Dodged            |    34 |    54 |    79 ||   167
Block: Kite shield       |    26 |    75 |   193 ||   294
       Reflection        |       |       |     7 ||     7

Table legend: (Time is in decaauts)
 A = Elapsed time spent in this place.
 B = Non-inter-level travel time spent in this place.
 C = Inter-level travel time spent in this place.
 D = Time resting spent in this place.
 E = Time spent auto-exploring this place.
 F = Levels seen in this place.
 G = Mean time per level.
                   A        B        C        D        E       F      G
               +--------+--------+--------+--------+--------+-----+--------+
         Total |   8643 |   8138 |    505 |    101 |   6376 |   8 | 1080.4 |
       Dungeon |   8643 |   8138 |    505 |    101 |   6376 |   8 | 1080.4 |
               +--------+--------+--------+--------+--------+-----+--------+

Top non-repeatable levels by time:
     D:5: 1552 daAuts
     D:7: 1493 daAuts
     D:3: 1335 daAuts
     D:6: 1209 daAuts
     D:4: 1165 daAuts
     D:2: 1052 daAuts
     D:1: 726 daAuts
     D:8: 107 daAuts
